 Dungeon Sprint DCSS version 0.26-a0-661-g406de6ba63 (webtiles) character file.

Game seed: 8149673547775720723

5544 Conn the Thaumaturge (level 10, -17/63 HPs)
             Began as an Octopode Hedge Wizard on Oct 9, 2020.
             Was the Champion of Sif Muna.
             Hit by a large rock thrown by a cyclops (31 damage)
             ... in the Dungeon (Sprint VII: "The Pits").
             The game lasted 00:23:41 (2767 turns).

Conn the Thaumaturge (Octopode Hedge Wizard)        Turns: 2767, Time: 00:23:42

Health: -17/63     AC:  1    Str: 14    XL:     10   Next: 71%
Magic:  27/28      EV: 17    Int: 19    God:    Sif Muna [******]
Gold:   0          SH:  0    Dex: 21    Spells: 1/37 levels left

rFire    . . .     SeeInvis .   r - +2 rapier "Qiatz" {flame, *Rage rElec Dex+7}
rCold    . . .     Faith    .   (no shield)
rNeg     . . .     Spirit   .   b - +0 hat
rPois    .         Reflect  .   (no amulet)
rElec    +         Harm     .   m - +3 ring of dexterity
rCorr    .         Rampage  .   o - +3 ring of strength
MR       .....     Rnd*Rage +   (no ring) Stlth ++++......NoTele +
                                (no ring)
HPRegen  0.20/turn              (no ring)
MPRegen  0.21/turn              (no ring)
                                (no ring)
                                (no ring)

@: berserk cooldown, slowed, very slow
A: almost no armour, stealthy swim, amphibious, 8 rings, constrict 8, camouflage
1, gelatinous body 1
a: Channel Magic, Forget Spell, Divine Exegesis, Renounce Religion


You were in the Dungeon.
You worshipped Sif Muna.
Sif Muna was exalted by your worship.
You visited 1 branch

Inventory:

Hand Weapons
 a - a +0 dagger
 c - a +2 dagger
 n - a +2 dagger of electrocution
 r - the +2 rapier "Qiatz" (weapon) {flame, *Rage rElec Dex+7}
   (You found it in the Dungeon)

   It has been specially enchanted to burn those struck by it, causing extra
   injury to most foes and up to half again as much damage against particularly
   susceptible opponents.
   It affects your dexterity (+7).
   It insulates you from electricity.
   It may make you go berserk in combat.
Armour
 b - a +0 hat (worn)
Jewellery
 m - a +3 ring of dexterity (left tentacle)
 o - a +3 ring of strength (right tentacle)
Scrolls
 k - 3 scrolls of remove curse
 l - 5 scrolls of amnesia
Potions
 d - 4 potions of curing
 e - 8 potions of heal wounds
 f - 2 potions of haste
 g - 4 potions of magic
 h - 4 potions of berserk rage
 j - a potion of invisibility
 p - 2 potions of brilliance
 q - 2 potions of might


   Skills:
 + Level 3.5 Fighting
 + Level 6.4 Short Blades
 + Level 4.9 Dodging
 - Level 2.6 Stealth
 + Level 14.4 Spellcasting
 + Level 9.4 Conjurations
 + Level 1.3 Hexes
 + Level 6.5 Summonings
 + Level 5.9 Translocations
 * Level 8.0 Fire Magic
 - Level 7.0 Air Magic
 - Level 5.2 Poison Magic


You had one spell level left.
You knew the following spells:

 Your Spells              Type           Power        Failure   Level
a - Magic Dart            Conj           ####         1%          1
b - Blink                 Tloc           N/A          1%          2
c - Call Imp              Summ           #####...     1%          2
d - Conjure Flame         Conj/Fire      #####...     1%          3
e - Mephitic Cloud        Conj/Pois/Air  #####...     1%          3
f - Slow                  Hex            ###.....     4%          2
g - Sticky Flame          Conj/Fire      #####...     1%          4
h - Summon Forest         Summ/Tloc      #####.....   10%         5
i - Summon Demon          Summ           #####.....   9%          5
j - Iskenderun's Battles  Conj           #####...     2%          5
k - Iskenderun's Mystic   Conj/Tloc      #####...     1%          4

Your spell library contained the following spells:

 Spells                   Type           Power        Failure   Level
 Static Discharge         Conj/Air       #####...     1%          3
 Summon Guardian Golem    Hex/Summ       ####....     2%          3
 Lightning Bolt           Conj/Air       #####.....   4%          5
 Bolt of Magma            Conj/Fire/Erth #####.....   12%         5
 Vampiric Draining        Necr           ##........   14%         3
 Conjure Ball Lightning   Conj/Air       #####.....   24%         6
 Summon Mana Viper        Hex/Summ       ####....     26%         5
 Dispel Undead            Necr           ##......     43%         4
 Shadow Creatures         Summ           N/A          43%         6
 Metabolic Englaciation   Hex/Ice        ###.......   69%         5
 Spellforged Servitor     Conj/Summ      #####.....   83%         7
 Summon Hydra             Summ           #####.....   95%         7
 Chain Lightning          Conj/Air       #####.....   100%        8
 Ignition                 Fire           #####.....   100%        8
 Infestation              Necr           ##........   100%        8
 Dragon's Call            Summ           #####.....   100%        9
 Fire Storm               Conj/Fire      #####.....   100%        9


Dungeon Overview and Level Annotations

Branches:
Dungeon (1/1)

Altars:
Ashenzari
Cheibriados
Dithmenos
Elyvilon
Fedhas
Gozag
Hepliaklqana
Kikubaaqudgha
Makhleb
Nemelex Xobeh
Okawaru
Qazlal
Ru
Sif Muna
Trog
Uskayaw
Vehumet
Wu Jian
Xom
Yredelemnul
Zin
The Shining One
Beogh
Jiyva
Lugonu


Innate Abilities, Weirdness & Mutations

You cannot wear most types of armour.
You are very stealthy in the water. (Stealth+)
You are amphibious.
You can wear up to eight rings at the same time.
You can use your tentacles to constrict eight enemies at once.
Your skin changes colour to match your surroundings (Stealth+).
Your rubbery body absorbs attacks. (AC +1, EV +1)


Message History

Sif Muna accepts your kill.
Your Fire Magic skill increases to level 8!
The cyclops throws a large rock.
The large rock barely misses you.
Unknown command.
A polar bear comes into view.
You feel a strong urge to attack something.
The polar bear growls angrily.
The cyclops throws a large rock.
The large rock hits you!
You see here a large rock.
You feel your anger nearly subside.
You are no longer berserk.
You are exhausted.
You feel yourself slow down.
The eye of devastation turns its gaze towards you.
The cyclops hits you!!
* * * LOW HITPOINT WARNING * * *
Unknown command.
Press: ? - help, Dir - move target cursor
As you read the scroll of blinking, it crumbles to dust.
The cyclops throws a large rock.
The large rock hits you!!
You die...

)....##).# #.).[..###...##
.....##(.# #..#'#.†.(.hC..#
.<...##.)##..##)##(....#...#
.....##..##.##..)##)..## ..#
.....##..####.....##.## G#
.....##...##......#...#.# .#
#######...))......'...'.G +
#######...##.)....#...#.#
#..[[##..####...@.##.##.#
#..[[##..# ##...##...# #
'...)##..# ##.## .4..#
#..))##..# #'# ......
#..))##..# ... ...
########## #####


You could see a cyclops and a polar bear.

Vanquished Creatures
  A merfolk avatar (D)
  A two-headed ogre (D)
  An orc knight (D)
  3 deep elf magi (D)
  Joseph (D)
  An orange demon (D)
  A rime drake (D)
  A red devil (D)
  A troll (D)
  A hornet (D)
  A wraith (D)
  A basilisk (D)
  A warg (D)
  An ice beast (D)
  Blork the orc (D)
  2 gnoll sergeants (D)
  3 wights (D)
  An iron imp (D)
  A jelly (D)
  An adder (D)
  9 gnolls (D)
  A river rat (D)
  A white imp (D)
  A leopard gecko (D)
  An orc (D)
  2 goblins (D)
  A hobgoblin (D)
  5 jackals (D)
  A ball python (D)
  A ball python simulacrum (D)
  A ball python zombie (D)
  A bat simulacrum (D)
  A quokka skeleton (D)
51 creatures vanquished.

Vanquished Creatures (collateral kills)
  A tyrant leech (D)
  An orc warrior (D)
  2 swamp drakes (D)
  A wight (D)
  An orc priest (D)
  An orc wizard (D)
  A gnoll (D)
  2 orcs (D)
  A jackal (D)
11 creatures vanquished.

Vanquished Creatures (others)
  11 acid blobs (D)
  5 death oozes (D)
  A golden eye (D)
  A snaplasher vine (D)
18 creatures vanquished.

Grand Total: 80 creatures vanquished

Notes
Turn   | Place    | Note
-------+----------+-------------------------------------------
     0 | D        | Conn the Octopode Hedge Wizard began the quest for the Orb.
     0 | D        | Reached XP level 1. HP: 11/11 MP: 4/4
    22 | D        | Reached skill level 4 in Spellcasting
    31 | D        | Killed a death ooze
   112 | D        | Killed a golden eye
   291 | D        | Found a bloodstained altar of Trog.
   291 | D        | Found a shimmering blue altar of Sif Muna.
   291 | D        | Found a viscous altar of Jiyva.
   291 | D        | Found a hazy altar of Hepliaklqana.
   291 | D        | Found an opulent altar of Gozag.
   292 | D        | Found a glowing golden altar of the Shining One.
   292 | D        | Found a glowing silver altar of Zin.
   292 | D        | Found a basalt altar of Yredelemnul.
   292 | D        | Found a shimmering altar of Xom.
   292 | D        | Found an ornate altar of the Wu Jian Council.
   292 | D        | Found a sacrificial altar of Ru.
   292 | D        | Found a stormy altar of Qazlal.
   292 | D        | Found an iron altar of Okawaru.
   292 | D        | Found a sparkling altar of Nemelex Xobeh.
   292 | D        | Found a burning altar of Makhleb.
   292 | D        | Found a blossoming altar of Fedhas.
   292 | D        | Found a white marble altar of Elyvilon.
   292 | D        | Found a shadowy altar of Dithmenos.
   292 | D        | Found a snail-covered altar of Cheibriados.
   292 | D        | Killed a death ooze
   294 | D        | Found a corrupted altar of Lugonu.
   294 | D        | Found a radiant altar of Vehumet.
   294 | D        | Found a roughly hewn altar of Beogh.
   295 | D        | Found an ancient bone altar of Kikubaaqudgha.
   295 | D        | Found a hide-covered altar of Uskayaw.
   295 | D        | Found a broken altar of Ashenzari.
   298 | D        | Became a worshipper of Sif Muna the Loreminder
   298 | D        | Killed an acid blob
   302 | D        | Killed an acid blob
   321 | D        | Reached XP level 2. HP: 13/17 MP: 5/7
   328 | D        | Reached * piety under Sif Muna
   328 | D        | Reached skill level 5 in Spellcasting
   328 | D        | Reached XP level 3. HP: 16/21 MP: 5/9
   335 | D        | Learned a level 2 spell: Blink
   338 | D        | Learned a level 2 spell: Call Imp
   343 | D        | Reached skill level 6 in Spellcasting
   343 | D        | Reached XP level 4. HP: 19/27 MP: 3/12
   347 | D        | Reached ** piety under Sif Muna
   347 | D        | Reached skill level 7 in Spellcasting
   356 | D        | Reached skill level 1 in Short Blades
   356 | D        | Reached skill level 8 in Spellcasting
   356 | D        | Reached XP level 5. HP: 16/31 MP: 5/15
   362 | D        | Reached *** piety under Sif Muna
   406 | D        | Killed an acid blob
   503 | D        | Killed an acid blob
   513 | D        | Noticed Blork the orc
   527 | D        | Noticed an ice beast
   548 | D        | Killed Blork the orc
   548 | D        | Reached **** piety under Sif Muna
   548 | D        | Reached skill level 9 in Spellcasting
   548 | D        | Reached XP level 6. HP: 36/36 MP: 14/18
   636 | D        | Killed a death ooze
   722 | D        | Learned a level 3 spell: Conjure Flame
   726 | D        | Learned a level 3 spell: Mephitic Cloud
   729 | D        | Learned a level 2 spell: Slow
   754 | D        | Killed an ice beast
   754 | D        | Reached skill level 10 in Spellcasting
   864 | D        | Reached ***** piety under Sif Muna
   872 | D        | Reached skill level 1 in Fire Magic
   872 | D        | Reached skill level 1 in Air Magic
   872 | D        | Reached skill level 1 in Poison Magic
   874 | D        | Identified Sif Muna's Disquisition on Torrid Stolen Souls
                  | (Sif Muna gifted it to you in the Dungeon)
   874 | D        | Received a gift from Sif Muna
  1015 | D        | Learned a level 4 spell: Sticky Flame
  1051 | D        | Reached XP level 7. HP: 42/42 MP: 21/21
  1061 | D        | Reached skill level 1 in Fighting
  1061 | D        | Reached skill level 5 in Conjurations
  1084 | D        | Killed an acid blob
  1327 | D        | Noticed a two-headed ogre
  1329 | D        | Noticed a basilisk
  1330 | D        | Reached skill level 11 in Spellcasting
  1335 | D        | Killed a basilisk
  1335 | D        | Received a gift from Sif Muna
  1345 | D        | Killed a two-headed ogre
  1345 | D        | Reached skill level 12 in Spellcasting
  1345 | D        | Reached skill level 5 in Poison Magic
  1345 | D        | Reached XP level 8. HP: 50/50 MP: 3/24
  1371 | D        | Killed an acid blob
  1448 | D        | Learned a level 5 spell: Summon Forest
  1487 | D        | Got the +2 rapier "Qiatz" {flame, *Rage rElec Dex+7}
  1505 | D        | Killed a death ooze
  1531 | D        | Noticed a deep elf mage
  1557 | D        | Killed a deep elf mage
  1557 | D        | Reached XP level 9. HP: 45/54 MP: 14/25
  1651 | D        | Killed a death ooze
  1704 | D        | Learned a level 5 spell: Summon Demon
  1707 | D        | Noticed a hornet
  1719 | D        | Killed an acid blob
  1721 | D        | Killed a hornet
  1721 | D        | Reached skill level 5 in Fire Magic
  1723 | D        | Reached skill level 5 in Translocations
  1776 | D        | Noticed a deep elf mage
  1776 | D        | Noticed a tyrant leech
  1776 | D        | Noticed a merfolk avatar
  1776 | D        | Noticed a troll
  1814 | D        | Killed a tyrant leech
  1814 | D        | Reached skill level 5 in Air Magic
  1910 | D        | Identified Sif Muna's Disquisition on Companions and the
                  | Blaze (Sif Muna gifted it to you in the Dungeon)
  1910 | D        | Received a gift from Sif Muna
  1919 | D        | Killed a merfolk avatar
  1919 | D        | Reached skill level 13 in Spellcasting
  1919 | D        | Reached skill level 5 in Summonings
  1923 | D        | Killed a troll
  1925 | D        | Killed a deep elf mage
  1925 | D        | Reached XP level 10. HP: 61/61 MP: 15/27
  1939 | D        | Noticed a deep elf mage
  1947 | D        | Killed a deep elf mage
  1947 | D        | Reached skill level 5 in Short Blades
  2015 | D        | Noticed an orange demon
  2026 | D        | Killed an orange demon
  2026 | D        | Identified Sif Muna's Papyrus of Confrontation (Sif Muna
                  | gifted it to you in the Dungeon)
  2026 | D        | Received a gift from Sif Muna
  2026 | D        | Reached skill level 14 in Spellcasting
  2044 | D        | Killed an acid blob
  2183 | D        | Learned a level 5 spell: Iskenderun's Battlesphere
  2207 | D        | Noticed Joseph
  2209 | D        | Noticed an orc knight
  2251 | D        | Killed Joseph
  2251 | D        | Reached skill level 1 in Hexes
  2287 | D        | Identified Sif Muna's Tome of Confrontation and Ice (Sif
                  | Muna gifted it to you in the Dungeon)
  2287 | D        | Received a gift from Sif Muna
  2411 | D        | Learned a level 4 spell: Iskenderun's Mystic Blast
  2469 | D        | Killed an acid blob
  2479 | D        | Noticed an eye of devastation
  2523 | D        | Killed an acid blob
  2553 | D        | Killed an acid blob
  2760 | D        | Noticed a cyclops
  2761 | D        | Killed an orc knight
  2762 | D        | Reached ****** piety under Sif Muna
  2767 | D        | Hit by a large rock thrown by a cyclops

Illustrated notes

Levels and vault maps discovered:
D:        pitsprint [storerooms_1, entrance_room_1, metal_vault_3, armoury_2,
          mini_pit_1, grid_room_1, main_hall_1, silver_pit, the_coven_1,
          the_vestibule_1, steel_vault_4, golden_pit, hallway_of_sentries,
          crystal_vault_5, iron_vault_2, final_vault]

Skill      XL: |  1  2  3  4  5  6  7  8  9 10 |
---------------+-------------------------------+-----
Spellcasting   | 4 5 6 8 9 10 12 13 14 | 14.4
Conjurations   | 2 3 4 6 7 8 9 |  9.4
Dodging        | 3 4 |  4.9
Translocations | 3 4 5 |  5.9
Short Blades   | 1 2 3 4 6 |  6.4
Summonings     | 2 3 4 5 6 |  6.5
Fire Magic     | 1 4 6 8 |  8.0
Air Magic      | 1 3 4 6 7 |  7.0
Poison Magic   | 1 5 |  5.2
Fighting       | 1 2 3 |  3.5
Hexes          | 1 |  1.3
Stealth        | |  2.6

Action                   |  1- 3 |  4- 6 |  7- 9 | 10-12 || total
-------------------------+-------+-------+-------+-------++-------
Melee: Dagger            |    16 |    30 |    11 |       ||    57
       Constrict         |     4 |     9 |     5 |     8 ||    26
       Tentacles         |     2 |     8 |    10 |    11 ||    31
       Rapier            |       |       |    22 |    30 ||    52
 Cast: Magic Dart        |     4 |    33 |    10 |    19 ||    66
       Call Imp          |     1 |     5 |     6 |       ||    12
       Conjure Flame     |       |     2 |     1 |     1 ||     4
       Mephitic Cloud    |       |     1 |    12 |    10 ||    23
       Blink             |       |       |     3 |     1 ||     4
       Summon Forest     |       |       |     2 |     1 ||     3
       Slow              |       |       |     1 |       ||     1
       Iskenderun's Batt |       |       |       |     2 ||     2
       Sticky Flame      |       |       |       |     1 ||     1
  Use: Potion            |     1 |     1 |     2 |       ||     4
       Scroll            |       |       |     1 |     1 ||     2
 Stab: Sleeping          |     3 |     3 |     1 |       ||     7
       Invisible         |     2 |     1 |       |       ||     3
       Confused          |       |     1 |     5 |     9 ||    15
Armor: Skin              |       |     1 |       |       ||     1
Dodge: Dodged            |     9 |    17 |    10 |    13 ||    49

Table legend: (Time is in decaauts)
 A = Elapsed time spent in this place.
 B = Non-inter-level travel time spent in this place.
 C = Inter-level travel time spent in this place.
 D = Time resting spent in this place.
 E = Time spent auto-exploring this place.
 F = Levels seen in this place.
 G = Mean time per level.
                   A        B        C        D        E       F      G
               +--------+--------+--------+--------+--------+-----+--------+
         Total |   2799 |   2799 |      0 |   1770 |      0 |   1 | 2799.0 |
       Dungeon |   2799 |   2799 |      0 |   1770 |      0 |   1 | 2799.0 |
               +--------+--------+--------+--------+--------+-----+--------+

Top non-repeatable levels by time:
       D: 2799 daAuts
